 Dungeon Crawl Stone Soup version 0.27-a0-1137-g3ef0f4ec91 (webtiles) character file.

Game seed: 6817959941353534129

138 1player the Bolt Thrower (level 5, 32/32 HPs)
             Began as a Kobold Hunter on May 6, 2021.
             Quit the game on level 3 of the Dungeon.
             The game lasted 00:09:01 (3305 turns).

1player the Bolt Thrower (Kobold Hunter)            Turns: 3305, Time: 00:09:02

Health: 32/32      AC:  6    Str:  9    XL:     5   Next: 45%
Magic:  5/5        EV: 13    Int: 13    God:
Gold:   89         SH:  0    Dex: 16    Spells: 4/4 levels left

rFire    . . .     SeeInvis .   b - +0 dagger (venom)
rCold    . . .     Faith    .   (shield restricted)
rNeg     . . .     Spirit   .   l - +0 ring mail
rPois    .         Reflect  .   p - +0 helmet
rElec    .         Harm     .   (no cloak)
rCorr    .         Rampage  .   (no gloves)
Will     .....                  (no boots)
Stlth    ++........             (no amulet)
HPRegen  0.10/turn              (no ring)
MPRegen  0.09/turn              (no ring)

@: no status effects
A: small, no large weapons, nightstalker 3
a: no special abilities


You were on level 3 of the Dungeon.
You visited 1 branch of the dungeon, and saw 3 of its levels.

You collected 89 gold pieces.

Inventory:

Hand Weapons
 a - a +1 hand crossbow
 b - a +0 dagger of venom (weapon)
 g - a +0 short sword
 o - a +0 short sword of draining
Missiles
 d - 13 bolts
 e - 108 stones (quivered)
 n - 17 poisoned darts
Armour
 c - a +0 leather armour
 i - a scarf of shadows
 l - a +0 ring mail (worn)
 p - a +0 helmet (worn)
Jewellery
 j - a ring of fire
 r - a ring of ice
Scrolls
 f - a scroll of holy word {unknown}
 h - a scroll of fear
 k - a scroll of teleportation {unknown}
 s - a scroll of identify {unknown}
Potions
 m - a potion of invisibility {unknown}
 q - a potion of attraction {unknown}
 t - 2 potions of might {unknown}
 u - 2 potions of curing {unknown}


   Skills:
 + Level 3.1 Fighting
 - Level 2.8(3.1) Short Blades
 - Level 1.1(1.5) Long Blades
 - Level 5.6 Crossbows
 + Level 3.4 Dodging
 - Level 1.3 Stealth


You had 4 spell levels left.
You didn't know any spells.
Your spell library was empty.

Dungeon Overview and Level Annotations

Branches:
Dungeon (3/15)

Altars:

Annotations:
D:2 Terence


Innate Abilities, Weirdness & Mutations

You are small and have problems with some larger weapons.
You are completely attuned to the shadows.


Message History

Your +0 dagger of venom begins to drip with poison!
b - a +0 dagger of venom (weapon)
The giant cockroach bites you but does no damage.
You hit the giant cockroach but do no damage.
The giant cockroach is poisoned.
The giant cockroach bites you.
You barely miss the giant cockroach.
The giant cockroach is lightly wounded.
You kill the giant cockroach!
There is an open door here.
You see here a giant cockroach corpse.
A hobgoblin comes into view.
Your +0 dagger of venom stops dripping with poison.
a - a +1 hand crossbow (weapon)
The hobgoblin shouts!
Fire: 15 bolts
Press: ? - help, Q - select action, (/) - cycle Shift-Dir - straight line, f - hobgoblin
Aim: a hobgoblin (67% to hit)
You shoot a bolt. The bolt barely misses the hobgoblin.
Fire: 14 bolts
Press: ? - help, Q - select action, (/) - cycle Shift-Dir - straight line, f/p - hobgoblin
Aim: a hobgoblin (67% to hit)
You shoot a bolt. The bolt closely misses the hobgoblin.
An orc comes into view. It is wielding a +0 short sword.
The orc moves out of view.
Your +0 dagger of venom begins to drip with poison!
b - a +0 dagger of venom (weapon)
The hobgoblin barely misses you.
You closely miss the hobgoblin.
The hobgoblin hits you but does no damage.
You closely miss the hobgoblin. The hobgoblin barely misses you.
You barely miss the hobgoblin. You hit the hobgoblin but do no damage.
The hobgoblin is poisoned.
The hobgoblin hits you but does no damage.
You hit the hobgoblin but do no damage. The hobgoblin barely misses you.
There is an open door here.
You see here a giant cockroach corpse.
Saving game... please wait.
Welcome back, 1player the Kobold Hunter.
Press ? for a list of commands and other information.
Are you sure you want to abandon this character and quit the game? (Confirm with "yes".)

#.......
#.......
#.......
#.......
###.####.#
#......#
#......#
#......#
#####.....@####
#.........g.o..
##########.####
####†###
.......#
.......#
......(#
###....(.
#..####


You could see an orc (wandering) and a hobgoblin (poisoned).

Vanquished Creatures
  A hound (D:2)
  An iguana (D:2)
  Robin (D:2)
  A dart slug (D:1)
  A worm (D:3)
  An orc (D:2)
  A ball python (D:1)
  2 bats
  An endoplasm (D:3)
  3 giant cockroaches
  7 hobgoblins
  6 jackals
  5 quokkas
  4 frilled lizards
  17 goblins
  4 kobolds (D:1)
  4 rats
60 creatures vanquished.

Vanquished Creatures (others)
  15 plants (D:1)
15 creatures vanquished.

Grand Total: 75 creatures vanquished

Notes
Turn   | Place    | Note
-------+----------+-------------------------------------------
     0 | D:1      | 1player the Kobold Hunter began the quest for the Orb.
     0 | D:1      | Reached XP level 1. HP: 12/12 MP: 1/1
    64 | D:1      | Reached skill level 5 in Crossbows
   214 | D:1      | Reached XP level 2. HP: 10/17 MP: 2/2
   416 | D:1      | Reached skill level 1 in Long Blades
   793 | D:1      | Reached skill level 1 in Short Blades
   848 | D:1      | Reached XP level 3. HP: 16/21 MP: 3/3
  1008 | D:1      | Found a faded altar of an unknown god.
  1417 | D:2      | Noticed Terence
  1516 | D:2      | Noticed Robin
  2162 | D:2      | Killed Robin
  2163 | D:2      | Reached XP level 4. HP: 19/26 MP: 4/4
  2729 | D:2      | Reached XP level 5. HP: 31/31 MP: 5/5
  3305 | D:3      | Quit the game

Illustrated notes

Levels and vault maps discovered:
D:1:      lightli_molten_gateway, layout_rooms,
          hellmonk_ecumenical_altar_lost_god, hangedman_abyss_or_decor_stabs,
          serial_bayou_ford_a
D:2:      layout_basic, uniq_robin, uniq_terence
D:3:      layout_basic, lemuel_tele_altar, kennysheep_orc_chapel

Skill      XL: |  1  2  3  4  5 |
---------------+----------------+-----
Crossbows      | 5 |  5.6
Long Blades    | 1 |  1.1
Short Blades   | 1 2 |  2.8
Fighting       | 3 |  3.1
Dodging        | 3 |  3.4
Stealth        | |  1.3

Action                   |  1- 3 |  4- 6 || total
-------------------------+-------+-------++-------
Melee: Short sword       |    13 |       ||    13
       Dagger            |    46 |    69 ||   115
 Fire: Hand crossbow     |    33 |    17 ||    50
  Use: Scroll            |       |     1 ||     1
 Stab: Sleeping          |       |     1 ||     1
Armor: Leather armour    |     9 |       ||     9
       Ring mail         |     4 |    15 ||    19
Dodge: Dodged            |    43 |    42 ||    85

Table legend: (Time is in decaauts)
 A = Elapsed time spent in this place.
 B = Non-inter-level travel time spent in this place.
 C = Inter-level travel time spent in this place.
 D = Time resting spent in this place.
 E = Time spent auto-exploring this place.
 F = Levels seen in this place.
 G = Mean time per level.
                   A        B        C        D        E       F      G
               +--------+--------+--------+--------+--------+-----+--------+
         Total |   3279 |   3121 |    158 |   1046 |   1021 |   3 | 1093.0 |
       Dungeon |   3279 |   3121 |    158 |   1046 |   1021 |   3 | 1093.0 |
               +--------+--------+--------+--------+--------+-----+--------+

Top non-repeatable levels by time:
     D:2: 1627 daAuts
     D:1: 1407 daAuts
     D:3: 244 daAuts
